 Dungeon Crawl Stone Soup version 0.19.0-24-gb05acd6 (webtiles) character file.

451 Krapule the Skirmisher (level 7, 0/55 HPs)
             Began as a Formicid Abyssal Knight on Nov 20, 2016.
             Was a Believer of Lugonu.
             Killed by divine providence
             ... invoked by an orc priest
              (12 damage)
             ... on level 4 of the Dungeon.
             The game lasted 00:13:19 (4540 turns).

Krapule the Skirmisher (Formicid Abyssal Knight)    Turns: 4540, Time: 00:13:21

Health: 0/55       AC: 12    Str: 17    XL:     7   Next: 25%
Magic:  9/10       EV:  8    Int: 18    God:    Lugonu [**....]
Gold:   163        SH:  0    Dex: 12    Spells: 0 memorised, 6 levels left

rFire  . . .     SeeInvis +     a - +1 hand axe
rCold  . . .     Gourm    .     i - +3 chain mail "Sosao" {rPois rN+ Int+5}
rNeg   + . .     Faith    .     (no shield)
rPois  +         Spirit   .     (helmet unavailable)
rElec  .         Reflect  .     (no cloak)
rCorr  .         Harm     .     (no gloves)
MR     .....                    (no boots)
Stlth  ..........               o - amulet of magic regeneration
                                t - ring of teleportation (curse)
                                k - +2 ring of dexterity

@: no status effects
A: permanent stasis, dig shafts and tunnels, four strong arms, antennae 3
a: Dig, Shaft Self, Depart the Abyss, Bend Space, Renounce Religion


You were on level 4 of the Dungeon.
You worshipped Lugonu.
Lugonu was pleased with you.
You were not hungry.

You visited 1 branch of the dungeon, and saw 4 of its levels.
You visited the Abyss 1 time.

You collected 163 gold pieces.

Inventory:

Hand Weapons
 a - a +1 hand axe (weapon)
Armour
 i - the +3 chain mail "Sosao" (worn) {rPois rN+ Int+5}
   (You found it on level 4 of the Dungeon)

   It affects your intelligence (+5).
   It protects you from poison.
   It protects you from negative energy.
Jewellery
 b - a +5 ring of intelligence
 k - a +2 ring of dexterity (left hand)
 o - an amulet of magic regeneration (around neck)
 t - a cursed ring of teleportation (right hand)
Wands
 h - a wand of confusion (18/48)
Scrolls
 e - a scroll of teleportation {unknown}
 f - a scroll of magic mapping {unknown}
 g - a scroll of noise {unknown}
 j - 7 scrolls of remove curse
 l - a scroll of random uselessness {unknown}
 p - 2 scrolls of blinking {unknown}
 q - a scroll of recharging {unknown}
 v - a scroll of fear {unknown}
Potions
 d - 2 potions of curing
 m - 2 potions of flight
 n - 2 potions of resistance
 r - a potion of cancellation {unknown}
 s - a potion of magic {unknown}
 u - a potion of haste {unknown}
Comestibles
 c - 8 bread rations


   Skills:
 + Level 4.8 Fighting
 + Level 3.5 Axes
 + Level 4.1 Armour
 + Level 2.8 Dodging
 + Level 4.1 Invocations


You had 6 spell levels left.
You didn't know any spells.

Dungeon Overview and Level Annotations

Branches:
Dungeon (4/15)
 Temple: D:4-7

Altars:
Fedhas
Qazlal
Zin
The Shining One


Innate Abilities, Weirdness & Mutations

You are under a permanent stasis effect.
You can dig through walls and to a lower floor.
Your four strong arms can wield two-handed weapons with a shield.
You have a pair of large antennae on your head. (SInv)


Message History

You barely miss the orc priest.
The orc priest is heavily wounded.
The orc priest hits you but does no damage.
You hit the orc priest but do no damage.
The orc priest is heavily wounded.
The orc priest looks satisfied for a moment.
The orc priest calls upon Beogh to heal the orc priest.
The orc priest is healed somewhat.
You hit the orc priest.
The orc priest is moderately wounded.
The orc priest closely misses you.
The orc priest looks braver for a moment.
Space bends around you!
You blink.
* * * LOW HITPOINT WARNING * * *
The orc priest barely misses you.
Found a shiny shield.
You feel better.
The orc priest mumbles some strange prayers to Beogh against you.
Beogh smites you!
You die...

######## #.......
## ## ##.###### #.
.# ##...##
###.##.# #.....#
#...@oo######...##
#.#.##.).).$?..##
#. #.#######.# #.
#.# #.# #. .# #+#
#. .# .. .# #[ ##
##


You could see 2 orc priests.

Vanquished Creatures
  A centaur (D:4)
  2 hounds (D:4)
  2 orc wizards (D:4)
  Ijyb (D:2)
  4 gnolls (D:2)
  11 adders
  2 dart slugs
  3 worms
  2 leopard geckos
  9 orcs
  3 giant cockroaches
  3 goblins
  6 hobgoblins
  7 jackals (D:1)
  A quokka (D:4)
  9 bats
  5 frilled lizards
  9 kobolds
  7 rats
87 creatures vanquished.

Vanquished Creatures (others)
  A leopard gecko (D:2)
  A kobold (D:2)
2 creatures vanquished.

Grand Total: 89 creatures vanquished

Notes
Turn   | Place    | Note
-------+----------+-------------------------------------------
     0 | Abyss:1  | Krapule the Formicid Abyssal Knight began the quest for the Orb.
     0 | Abyss:1  | Reached XP level 1. HP: 18/18 MP: 2/2
    52 | Abyss:1  | Found a corrupted altar of Lugonu.
   132 | Abyss:1  | Noticed a thrashing horror
   134 | D:1      | Escaped the Abyss
   397 | D:1      | Reached skill level 1 in Dodging
   401 | D:1      | Reached * piety under Lugonu
   401 | D:1      | Reached XP level 2. HP: 8/24 MP: 3/3
   898 | D:1      | Reached XP level 3. HP: 24/29 MP: 4/4
  1413 | D:2      | Found a faded altar of an unknown god.
  1589 | D:2      | Reached XP level 4. HP: 32/37 MP: 5/5
  1781 | D:2      | Noticed Ijyb
  1794 | D:2      | Killed Ijyb
  1800 | D:2      | Reached XP level 5. HP: 42/42 MP: 5/7
  1946 | D:2      | Reached ** piety under Lugonu
  2163 | D:2      | Found a stormy altar of Qazlal.
  2601 | D:3      | Reached XP level 6. HP: 34/49 MP: 8/8
  2791 | D:3      | Found a glowing golden altar of the Shining One.
  2856 | D:3      | Found a glowing silver altar of Zin.
  3355 | D:4      | Found a blossoming altar of Fedhas.
  3868 | D:4      | Noticed a phantom
  3885 | D:4      | Got a jacinth-encrusted chain mail
  3955 | D:3      | Identified the +3 chain mail "Sosao" {rPois rN+ Int+5} (You found it on level 4 of the Dungeon)
  4186 | D:4      | Reached XP level 7. HP: 26/55 MP: 8/10
  4538 | D:4      | HP: 2/55 [spatial distortion (4)]
  4540 | D:4      | Killed from afar by an orc priest

Skill      XL: |  1  2  3  4  5  6 |
---------------+-------------------+-----
Dodging        | 1 2 |  2.8
Armour         | 3 4 |  4.1
Fighting       | 4 |  4.8
Invocations    | 3 4 |  4.1
Axes           | 3 |  3.5

Action                   |  1- 3 |  4- 6 |  7- 9 || total
-------------------------+-------+-------+-------++-------
Melee: Hand axe          |   101 |   215 |    43 ||   359
       Unarmed           |       |    13 |       ||    13
Invok: Depart the Abyss  |     1 |       |       ||     1
       Bend Space        |       |       |     1 ||     1
  Use: Potion            |     1 |       |     1 ||     2
       Scroll            |       |     5 |       ||     5
  Eat: Chunk             |     2 |     7 |     3 ||    12
Armor: Ring mail         |    34 |    51 |       ||    85
       Leather armour    |     9 |       |       ||     9
       Skin              |       |     3 |       ||     3
       Chain mail        |       |    16 |    21 ||    37
Dodge: Dodged            |    62 |   150 |     9 ||   221
